 Dungeon Crawl Stone Soup version 0.26.0-18-gc5c842f807 (webtiles) character file.

Game seed: 1407567736220586323

2231 thiole the Sneak (level 9, -2/47 (51) HPs)
             Began as an Octopode Hedge Wizard on Jan 23, 2021.
             Was an Initiate of Gozag.
             Slain by a wight
             ... wielding a +4 halberd
              (3 damage)
             ... on level 8 of the Dungeon.
             The game lasted 00:28:16 (8728 turns).

thiole the Sneak (Octopode Hedge Wizard)            Turns: 8728, Time: 00:28:17

HP:   -2/47 (51)    AC:  7    Str:  9    XL:     9   Next: 36%
MP:   18/19         EV: 12    Int: 20    God:    Gozag
Gold: 431           SH:  3    Dex: 11    Spells: 10/22 levels left

rFire    + . .     SeeInvis .   u - +1 spear (distort)
rCold    . . .     Faith    .   x - +0 buckler
rNeg     . . .     Spirit   .   m - +2 hat
rPois    .         Reflect  .   j - amulet of magic regeneration
rElec    .         Harm     .   w - +4 ring of protection
rCorr    .         Rampage  .   z - ring of protection from fire
Will     .....                  (no ring)
Stlth    ++++......             (no ring)
HPRegen  0.15/turn              (no ring)
MPRegen  0.41/turn              (no ring)
                                (no ring)
                                (no ring)

@: drained
A: almost no armour, stealthy swim, amphibious, 8 rings, constrict 8, camouflage
1, gelatinous body 1
a: Renounce Religion, Potion Petition, Call Merchant, Bribe Branch


You were on level 8 of the Dungeon.
You worshipped Gozag.
Gozag was aware of your devotion.
You visited 2 branches of the dungeon, and saw 9 of its levels.

You collected 551 gold pieces.
You paid 120 gold pieces to Gozag.

Inventory:

Hand Weapons
 a - a +0 dagger
 u - a +1 spear of distortion (weapon)
Armour
 b - a +2 hat
 m - a +2 hat (worn)
 x - a +0 buckler (worn)
Jewellery
 j - an amulet of magic regeneration (around mantle)
 v - a -4 ring of dexterity
 w - a +4 ring of protection (left tentacle)
 z - a ring of protection from fire (right tentacle)
Wands
 d - a wand of polymorph (8)
 B - a wand of iceblast (8)
Scrolls
 c - 4 scrolls of magic mapping
 f - 5 scrolls of teleportation
 h - 2 scrolls of remove curse
 i - 2 scrolls of identify
 l - a scroll of fog
 n - a scroll of noise {unknown}
 p - 2 scrolls of random uselessness {unknown}
 r - 2 scrolls of enchant weapon {unknown}
 y - a scroll of amnesia {unknown}
 A - a scroll of enchant armour
Potions
 e - 4 potions of attraction
 g - a potion of brilliance
 k - a potion of might
 o - 2 potions of haste
 q - a potion of lignification
 s - a potion of mutation
 t - a potion of curing
 C - a potion of heal wounds


   Skills:
 - Level 2.0 Dodging
 + Level 7.6 Stealth
 * Level 7.1 Spellcasting
 - Level 3.2 Conjurations
 - Level 5.0 Summonings
 - Level 1.0 Translocations
 - Level 6.0 Air Magic


You had 10 spell levels left.
You knew the following spells:

 Your Spells              Type           Power        Failure   Level
a - Magic Dart            Conj           80%          4%          1
b - Call Imp              Summ           27%          3%          2
c - Slow                  Hex            7%           24%         2
d - Mephitic Cloud        Conj/Pois/Air  19%          13%         3
e - Summon Lightning Spi  Summ/Air       29%          16%         4

Your spell library contained the following spells:

 Spells                   Type           Power        Failure   Level
 Summon Small Mammal      Summ           100%         1%          1
 Call Canine Familiar     Summ           27%          6%          3
 Animate Skeleton         Necr           14%          16%         1
 Pain                     Necr           28%          16%         1
 Blink                    Tloc           N/A          16%         2
 Summon Guardian Golem    Hex/Summ       17%          17%         3
 Conjure Flame            Conj/Fire      13%          24%         3
 Vampiric Draining        Necr           3%           43%         3
 Summon Ice Beast         Ice/Summ       17%          50%         4
 Animate Dead             Necr           3%           83%         4
 Agony                    Necr           7%           99%         5


Dungeon Overview and Level Annotations

Branches:
Dungeon (8/15)             Temple (1/1) D:7
   Lair: D:8-11

Altars:
Cheibriados
Fedhas
Gozag
Hepliaklqana
Kikubaaqudgha
Makhleb
Nemelex Xobeh
Qazlal
Ru
Sif Muna
Trog
Uskayaw
Vehumet
Xom
Yredelemnul
The Shining One

Shops:
D:6 (

Annotations:
D:3 Ijyb
D:5 Menkaure
Abyss:1 Edmund


Innate Abilities, Weirdness & Mutations

You cannot wear most types of armour.
You are very stealthy in the water. (Stealth+)
You are amphibious.
You can wear up to eight rings at the same time.
You can use your tentacles to constrict eight enemies at once.
Your skin changes colour to match your surroundings (Stealth+).
Your rubbery body absorbs attacks. (AC +1, EV +1)


Message History

The spell is quite dangerous to cast (16% risk of failure)!
Continue anyway?
An electric hum fills the air.
The wight hits you from afar with a +4 halberd.
The wight hits you from afar with a +4 halberd!
Your lightning spire shoots out a bolt of lightning at the wight!
The bolt of electricity hits the wight.
Reach: u) +1 spear (distort)
Press: ? - help, Dir - move target, f/p - wight
Aim: a wight, wielding a +4 halberd and wearing a +0 robe (moderately damaged)
You could not reach far enough!
You block the wight's attack.
Reach: u) +1 spear (distort)
Press: ? - help, Dir - move target, f/p - wight
Aim: a wight, wielding a +4 halberd and wearing a +0 robe (moderately damaged)
You reach to attack!
You closely miss the wight.
The wight is moderately damaged.
The wight hits you from afar with a +4 halberd!
* * * LOW HITPOINT WARNING * * *
You feel drained.
You die...
Your body crumbles into a pile of gold.

...#.#.#.# #.#.#.#.
..#.#.#.#.# #.#.#.#.
..#.#.#.#.#.#.#z#.
.#.#.#.#$#.#.#.#.
##.#.#.#.#.#.#.#.# . #.
#.#.#.#.#.#.#.##.# #.
#.###.#.#.#.#z#.#ยง..#
..
#......>..5#8#.#.###..#
#$.........@#.#.#.##.>#
#..........####.##.$#
.. #.......)..# #.###.#
##
#.......))<####.##..##
#......).............#
#.########.####.####.#
#<)....... .#
##.####.#.# .. #.#
#.#.....


You could see a wight, a friendly lightning spire (summoned) and a friendly
crimson imp (summoned).

Vanquished Creatures
  A nameless horror (D:5)
  A sky beast (D:5)
  A phantom (D:6)
  A centaur (D:7)
  A bullfrog (D:7)
  2 scorpions
  3 wights
  A bullfrog zombie (D:5)
  A howler monkey (D:4)
  2 quasits (D:5)
  2 hounds (D:7)
  A centaur zombie (D:7)
  2 orc wizards
  5 orc priests
  Natasha (thrice) (D:2)
  A worker ant (D:6)
  A hound zombie (D:6)
  Robin (D:3)
  A gnoll (D:4)
  9 adders
  A howler monkey skeleton (D:7)
  A shadow imp (D:6)
  A white imp (D:8)
  An ufetubus (D:6)
  5 worms
  A dart slug (D:1)
  4 leopard geckos
  16 orcs
  8 bats
  6 giant cockroaches
  12 goblins
  6 hobgoblins
  3 jackals
  5 kobolds
  2 quokkas
  3 ball pythons (D:2)
  3 frilled lizards
  A jackal skeleton (D:6)
  8 rats
127 creatures vanquished.

Vanquished Creatures (collateral kills)
  Harold (D:7)
  A nameless horror (D:5)
  An orc warrior (D:7)
  An ogre (D:2)
  A centaur (D:7)
  A scorpion (D:6)
  4 wights (D:6)
  A quasit (D:5)
  A jelly (D:8)
  3 orc priests
  3 orc wizards
  A worker ant (D:6)
  An adder (D:3)
  3 gnolls (D:4)
  The ghost of Snicker the Sneak, a weakling DsDe (D:5)
  15 orcs
  A bat (D:3)
  A giant cockroach (D:3)
  A goblin (D:3)
  A hobgoblin (D:3)
  A jackal (D:3)
  A rat (D:3)
45 creatures vanquished.

Vanquished Creatures (others)
  3 plants (D:1)
3 creatures vanquished.

Grand Total: 175 creatures vanquished

Notes
Turn   | Place    | Note
-------+----------+-------------------------------------------
     0 | D:1      | thiole the Octopode Hedge Wizard began the quest for the
                  | Orb.
     0 | D:1      | Reached XP level 1. HP: 11/11 MP: 4/4
   288 | D:1      | Reached XP level 2. HP: 11/17 MP: 0/6
   976 | D:1      | Reached XP level 3. HP: 21/21 MP: 3/7
  1247 | D:2      | Noticed Natasha
  1256 | D:2      | Killed Natasha
  1645 | D:2      | Noticed an ogre
  1664 | D:2      | Noticed Natasha
  1671 | D:2      | Killed Natasha
  1672 | D:2      | Reached XP level 4. HP: 20/27 MP: 2/9
  1675 | D:2      | Learned a level 2 spell: Call Imp
  1678 | D:2      | Learned a level 2 spell: Slow
  1682 | D:2      | Learned a level 3 spell: Mephitic Cloud
  1824 | D:2      | Noticed Natasha
  1837 | D:2      | Killed Natasha
  1838 | D:2      | Reached skill level 1 in Air Magic
  1838 | D:2      | Reached XP level 5. HP: 15/31 MP: 10/10
  2021 | D:2      | Killed an ogre
  2799 | D:3      | Reached XP level 6. HP: 21/36 MP: 8/12
  3025 | D:3      | Noticed Ijyb
  3436 | D:3      | Noticed Robin
  3456 | D:3      | Killed Robin
  4561 | D:4      | Reached skill level 5 in Stealth
  4584 | D:4      | Reached XP level 7. HP: 23/41 MP: 5/14
  4777 | D:4      | Reached skill level 5 in Spellcasting
  5126 | D:4      | Found an ancient bone altar of Kikubaaqudgha.
  5372 | D:4      | Learned a level 4 spell: Summon Lightning Spire
  5387 | D:5      | Entered Level 5 of the Dungeon
  5707 | D:5      | Found a transporter.
  5711 | D:5      | Noticed Snicker's ghost (weakling DsDe)
  5760 | D:5      | Found a transporter.
  5797 | D:5      | Killed Snicker's ghost
  5798 | D:5      | Reached XP level 8. HP: 36/46 MP: 11/15
  5812 | D:5      | Lost dexterity.
  5982 | D:5      | Noticed a nameless horror
  5984 | D:5      | Noticed a nameless horror
  6031 | D:5      | Killed a nameless horror
  6032 | D:5      | Killed a nameless horror
  6286 | D:5      | Noticed Menkaure
  6553 | D:6      | Reached skill level 5 in Summonings
  6760 | D:6      | Found Celaiwk's Weapon Shoppe.
  7038 | D:6      | Noticed Edmund
  7051 | D:6      | Banished Edmund
  7384 | D:7      | Found a staircase to the Ecumenical Temple.
  7394 | Temple   | Entered the Ecumenical Temple
  7458 | Temple   | Became a worshipper of Gozag Ym Sagoz the Greedy
  7522 | D:7      | Reached skill level 5 in Air Magic
  7697 | D:7      | Noticed Harold
  7760 | D:7      | Killed Harold
  7761 | D:7      | Reached XP level 9. HP: 29/51 MP: 3/18
  8728 | D:8      | HP: 1/49 [wight/+4 halberd (15)]
  8728 | D:8      | Slain by a wight

Illustrated notes

Levels and vault maps discovered:
D:1:      onia_arrival_pyramid, layout_basic, serial_forest,
          infiniplex_forest_straight_2, infiniplex_forest_end_3,
          infiniplex_forest_lined_3, infiniplex_forest_straight_4,
          infiniplex_forest_clump_small, infiniplex_forest_clump_double,
          infiniplex_forest_lined_corner, infiniplex_forest_clump_large
D:2:      layout_loops_ring, uniq_natasha
D:3:      layout_basic, grunt_ministairs_1, uniq_ijyb, uniq_robin
D:4:      layout_basic, old_standard_altar
D:5:      layout_basic, lemuel_coloured_pillars_altar,
          gammafunk_ghost_stat_death, uniq_menkaure
D:6:      layout_cave_pods, serial_shops, shop, roderic_filled_cross,
          uniq_edmund
D:7:      layout_rooms, minmay_temple_entry_slanted, roderic_roman_lattice,
          roderic_lattice_a, chequers_arboretum, uniq_harold
D:8:      layout_basic, nicolae_overflow_hidden_temple, st_stairs_7,
          uniq_gastronok, uniq_grum
Temple:   eino_temple_scatter_basement

Skill      XL: |  1  2  3  4  5  6  7  8  9 |
---------------+----------------------------+-----
Stealth        | 3 4 5 6 7 |  7.6
Conjurations   | 2 3 |  3.2
Summonings     | 2 4 5 |  5.0
Air Magic      | 1 2 3 4 5 6 |  6.0
Spellcasting   | 4 5 6 7 |  7.1
Dodging        | |  2.0
Translocations | |  1.0

Action                   |  1- 3 |  4- 6 |  7- 9 || total
-------------------------+-------+-------+-------++-------
Melee: Dagger            |    19 |    74 |    19 ||   112
       Constrict         |     6 |    19 |    33 ||    58
       Tentacles         |     3 |    18 |    15 ||    36
       Spear             |       |       |   142 ||   142
 Cast: Magic Dart        |    62 |   138 |    48 ||   248
       Call Imp          |       |    14 |    15 ||    29
       Mephitic Cloud    |       |     1 |     4 ||     5
       Summon Lightning  |       |       |    24 ||    24
  Use: Scroll            |     4 |     1 |    16 ||    21
       Potion            |       |     4 |     3 ||     7
 Stab: Sleeping          |     1 |     1 |     8 ||    10
Armor: Skin              |     4 |    19 |    96 ||   119
Dodge: Dodged            |    22 |    95 |   174 ||   291
Block: Buckler           |       |       |    13 ||    13
